 Dungeon Crawl Stone Soup version 0.22-a0-455-ga0624bf62c (webtiles) character file.

1483 Lucibear the Insei (level 8, 0/52 HPs)
             Began as an Octopode Transmuter on June 5, 2018.
             Was a Believer of Cheibriados.
             Slain by a death yak (27 damage)
             ... on level 8 of the Dungeon on June 8, 2018.
             The game lasted 00:50:58 (5560 turns).

Lucibear the Insei (Octopode Transmuter)            Turns: 5560, Time: 00:50:58

Health: 0/52       AC:  3    Str: 14    XL:     8   Next: 79%
Magic:  18/22      EV: 18    Int: 20    God:    Cheibriados [**....]
Gold:   370        SH:  0    Dex: 20    Spells: 4/14 levels left

rFire    . . .     SeeInvis .   f - +1 short sword
rCold    . . .     Gourm    .   (no shield)
rNeg     . . .     Faith    .   (helmet restricted)
rPois    .         Spirit   .   q - amulet of regeneration
rElec    .         Reflect  .   g - ring of magical power
rCorr    .         Harm     .   s - ring of protection from magic
MR       +....                  u - +2 ring of evasion
Stlth    +++.......             (no ring)
HPRegen  0.57/turn              (no ring)
MPRegen  0.18/turn              (no ring)
                                (no ring)
                                (no ring)

@: appendage, very slow
A: almost no armour, stealthy swim, amphibious, 8 rings, constrict 8, tentacle
spike 3, slimy green scales 1, camouflage 1, gelatinous body 1, MP-powered wands
a: End Transformation, Bend Time, Renounce Religion


You were on level 8 of the Dungeon.
You worshipped Cheibriados.
Cheibriados was pleased with you.
You were not hungry.
One of your tentacles had a temporary spike.
You visited 2 branches of the dungeon, and saw 9 of its levels.

You collected 370 gold pieces.

Inventory:

Hand Weapons
 f - a +1 short sword (weapon)
 l - a +0 hunting sling
 z - a +1 whip of venom
Missiles
 a - 145 arrows
 m - 287 stones (quivered)
 v - a throwing net
Armour
 b - a +1 buckler
 h - a +0 large shield
Jewellery
 g - a ring of magical power (left tentacle)
 q - an amulet of regeneration (around mantle)
 r - an uncursed ring of fire
 s - a ring of protection from magic (right tentacle)
 u - a +2 ring of evasion (on tentacle)
Scrolls
 e - 2 scrolls of teleportation
 i - a scroll of fog
 p - 2 scrolls of magic mapping
 x - a scroll of remove curse
 y - a scroll of enchant armour
 A - a scroll of enchant weapon
Potions
 d - 2 potions of heal wounds
 j - 2 potions of resistance
 n - 4 potions of brilliance
 o - a potion of curing
 t - a potion of magic {unknown}
Comestibles
 c - 10 rations
 k - 3 chunks of flesh


   Skills:
 + Level 3.1 Fighting
 - Level 1.8 Short Blades
 - Level 0.1 Throwing
 + Level 3.9 Dodging
 - Level 2.2 Stealth
 + Level 2.3 Shields
 * Level 5.1 Unarmed Combat
 + Level 3.7 Spellcasting
 * Level 4.9 Transmutations
 + Level 1.9 Ice Magic
 + Level 3.4 Poison Magic
 + Level 2.6 Invocations


You had 4 spell levels left.
You knew the following spells:

 Your Spells              Type           Power        Failure   Level  Hunger
a - Beastly Appendage     Tmut           ###...       1%          1    None
b - Sticks to Snakes      Tmut           ###.....     2%          2    ##.....
c - Spider Form           Tmut/Pois      ###.......   7%          3    ###....
d - Ice Form              Ice/Tmut       ###.....     32%         4    ####...

Your spell library contained the following spells:

 Spells                   Type           Power        Failure   Level  Hunger
 Confuse                  Hex            #.......     36%         3    ###....
 Throw Frost              Conj/Ice       #.....       13%         2    ##.....
 Summon Small Mammal      Summ           #...         13%         1    None
 Freeze                   Ice            ##..         6%          1    None
 Summon Ice Beast         Ice/Summ       #.......     65%         4    ####...
 Ozocubu's Armour         Chrm/Ice       #.......     26%         3    ###....
 Call Imp                 Summ           #.......     21%         2    ##.....
 Blade Hands              Tmut           ###.......   43%         5    ######.
 Throw Icicle             Conj/Ice       #.......     65%         4    ####...
 Confusing Touch          Hex            #.....       13%         1    None
 Call Canine Familiar     Summ           #.......     36%         3    ###....
 Metabolic Englaciation   Hex/Ice        #.........   94%         5    ######.
 Petrify                  Tmut/Erth      ##......     43%         4    ####...
 Summon Lightning Spire   Summ/Air       #.......     78%         4    ####...
 Summon Guardian Golem    Hex/Summ       #.......     36%         3    ###....
 Gell's Gravitas          Tloc           #.........   36%         3    ###....
 Yara's Violent Unravell  Hex/Tmut       ##........   80%         5    ######.


Dungeon Overview and Level Annotations

Branches:
Dungeon (8/15)             Temple (1/1) D:4
   Lair: D:8-11

Altars:
Ashenzari
Cheibriados
Dithmenos
Elyvilon
Fedhas
Gozag
Hepliaklqana
Kikubaaqudgha
Makhleb
Nemelex Xobeh
Okawaru
Qazlal
Ru
Sif Muna
Trog
Uskayaw
Vehumet
Wu Jian
Xom
Yredelemnul
Zin
The Shining One

Annotations:
D:3 Grinder


Innate Abilities, Weirdness & Mutations

You cannot wear most types of armour.
You are very stealthy in the water. (Stealth+)
You are amphibious.
You can wear up to eight rings at the same time.
You can use your tentacles to constrict eight enemies at once.
Your skin changes colour to match your surroundings (Stealth+).
Your rubbery body absorbs attacks. (AC +1, EV +1)
One of your tentacles bears a large vicious spike.
You are partially covered in slimy green scales. (AC +2)
You expend magic power (3 MP) to strengthen your wands.


Message History

The bullfrog zombie hits you.
A porcupine comes into view.
The death yak gores you! The porcupine misses you. The death yak gores you!
You hit the death yak.
You pierce the death yak, but do no damage.
You tentacle-slap the death yak, but do no damage.
The death yak is lightly wounded.
The death yak misses you.
You hit the death yak but do no damage.
The death yak is lightly wounded.
The death yak gores you but does no damage.
You hit the death yak but do no damage.
The death yak is lightly wounded.
The death yak gores you!
You hit the death yak but do no damage.
The death yak is lightly wounded.
The death yak gores you!!
Ouch! That really hurt!
You die...

###... #.# .....$ #.#
......# #.# ...?...##.##
#......# ##.#....rr#
.........YY#
#Z....####Y# #..... #@#
#..... #.# ###.# #.#
#.######.# . #<.....#
..#####.#######
.......)......#
#############.##########
#.........# #.#........#


You could see 3 death yaks, a porcupine and a quokka.

Vanquished Creatures
  The ghost of endorz the Prestidigitator, an amateur DDAr (D:3)
  A sky beast (D:5)
  2 ogres
  2 centaurs
  A bullfrog (D:8)
  2 howler monkeys (D:6)
  A hound (D:5)
  4 orc wizards
  A bullfrog skeleton (D:6)
  A centaur skeleton (D:6)
  2 iguanas
  2 orc priests (D:6)
  Natasha (D:1)
  4 worker ants
  A howler monkey zombie (D:5)
  10 adders
  2 gnolls (D:2)
  An ooze (D:3)
  An adder zombie (D:5)
  A worm (D:4)
  4 dart slugs
  2 leopard geckos (D:1)
  10 orcs
  A giant cockroach (D:3)
  8 hobgoblins
  8 jackals
  4 kobolds
  3 quokkas
  6 bats
  3 frilled lizards
  7 goblins
  A leopard gecko skeleton (D:8)
  9 rats
107 creatures vanquished.

Vanquished Creatures (collateral kills)
  A phantom (D:5)
  An orc wizard (D:4)
  An orc priest (D:4)
  3 orcs (D:4)
  3 jackals (D:5)
9 creatures vanquished.

Grand Total: 116 creatures vanquished

Notes
Turn   | Place    | Note
-------+----------+-------------------------------------------
     0 | D:1      | Lucibear the Octopode Transmuter began the quest for the Orb.
     0 | D:1      | Reached XP level 1. HP: 13/13 MP: 3/3
   349 | D:1      | Reached XP level 2. HP: 15/18 MP: 5/5
   471 | D:2      | Noticed Natasha
   483 | D:2      | Noticed a crimson imp
  1213 | D:1      | Reached XP level 3. HP: 22/23 MP: 6/6
  1514 | D:1      | Killed Natasha
  1514 | D:1      | Reached skill level 1 in Stealth
  1514 | D:1      | Reached XP level 4. HP: 21/28 MP: 5/7
  1731 | D:2      | Found a white marble altar of Elyvilon.
  1897 | D:3      | Learned a level 2 spell: Sticks to Snakes
  1901 | D:3      | Learned a level 3 spell: Spider Form
  2049 | D:2      | Noticed an ogre
  2069 | D:2      | Killed an ogre
  2069 | D:2      | Reached skill level 1 in Short Blades
  2069 | D:2      | Reached XP level 5. HP: 33/33 MP: 4/9
  2189 | D:2      | Found a shadowy altar of Dithmenos.
  2324 | D:3      | Noticed endorz's ghost (amateur DDAr)
  2331 | D:5      | Entered Level 5 of the Dungeon
  2331 | D:5      | Noticed a sky beast
  2331 | D:5      | Noticed a phantom
  2409 | D:3      | Found a stormy altar of Qazlal.
  2417 | D:3      | Found a radiant altar of Vehumet.
  2428 | D:3      | Found a snail-covered altar of Cheibriados.
  2432 | D:3      | Became a worshipper of Cheibriados the Contemplative
  2470 | D:3      | Reached XP level 6. HP: 38/38 MP: 10/10
  2539 | D:3      | Learned a level 4 spell: Ice Form
  2593 | D:3      | Killed endorz's ghost
  2593 | D:3      | Reached skill level 1 in Shields
  2593 | D:3      | Reached skill level 1 in Poison Magic
  2593 | D:3      | Reached XP level 7. HP: 16/45 MP: 6/11
  2671 | D:3      | Noticed Grinder
  3160 | D:5      | Reached skill level 4 in Unarmed Combat
  3160 | D:5      | Reached skill level 1 in Invocations
  3245 | D:4      | Gained mutation: You are frail. (-10% HP) [potion of mutation]
  3245 | D:4      | Gained mutation: Your spells are a little harder to cast, but a little more powerful. [potion of mutation]
  3385 | D:4      | Reached * piety under Cheibriados
  3586 | D:4      | Found a bloodstained altar of Trog.
  3719 | D:4      | Found a staircase to the Ecumenical Temple.
  3728 | Temple   | Entered the Ecumenical Temple
  4277 | D:5      | Reached skill level 1 in Ice Magic
  4391 | D:5      | Found a bloodstained altar of Trog.
  4397 | D:5      | Reached XP level 8. HP: 20/45 MP: 13/13
  4824 | D:5      | Reached ** piety under Cheibriados
  5107 | D:6      | Lost mutation: You are frail. (-10% HP) [potion of mutation]
  5107 | D:6      | Lost mutation: Your spells are a little harder to cast, but a little more powerful. [potion of mutation]
  5107 | D:6      | Gained mutation: You expend magic power (3 MP) to strengthen your wands. [potion of mutation]
  5107 | D:6      | Gained mutation: You are partially covered in slimy green scales. (AC +2) [potion of mutation]
  5280 | D:6      | Reached skill level 5 in Unarmed Combat
  5543 | D:8      | Noticed a death yak
  5548 | D:8      | Noticed a death yak
  5550 | D:8      | Noticed a death yak
  5560 | D:8      | Slain by a death yak

Vault maps used:
D:1:      dpeg_arrival_morbid_curiosity
D:2:      old_standard_altar, grunt_dithmenos_smoke, uniq_natasha
D:3:      grunt_temple_overflow_diamond, first_ration, uniq_grinder
D:4:      nicolae_overflow_crystal_walls, lemuel_temple_firewalk_b
D:5:      cheibrodos_sewer_entry_sluice, trog_book
D:7:      tso_altar
D:8:      cheibrodos_fertilizer, dpeg_lair_monsters, enter_bailey_2,
          grunt_ogre_cave, nicolae_ru_path_of_blood
Temple:   eino_temple_rhombus

Skill      XL: |  1  2  3  4  5  6  7  8 |
---------------+-------------------------+-----
Stealth        | 1 2 |  2.2
Short Blades   | 1 |  1.8
Transmutations | 3 4 |  4.9
Dodging        | 3 |  3.9
Fighting       | 2 3 |  3.1
Shields        | 1 2 |  2.3
Spellcasting   | 3 |  3.7
Poison Magic   | 1 2 3 |  3.4
Unarmed Combat | 4 5 |  5.1
Invocations    | 1 2 |  2.6
Ice Magic      | 1 |  1.9
Throwing       | |  0.1

Action                   |  1- 3 |  4- 6 |  7- 9 || total
-------------------------+-------+-------+-------++-------
Melee: Unarmed           |    10 |    17 |    21 ||    48
       Short sword       |    46 |    77 |   137 ||   260
       Constrict         |    20 |    15 |    32 ||    67
       Tentacles         |    13 |    16 |    39 ||    68
       Kick              |     2 |     7 |    13 ||    22
       Punch             |       |       |     8 ||     8
Throw: Stone             |       |     5 |     4 ||     9
 Cast: Beastly Appendage |     3 |     9 |     7 ||    19
       Spider Form       |       |     2 |     2 ||     4
       Sticks to Snakes  |       |       |    21 ||    21
Invok: Bend Time         |       |     1 |       ||     1
  Use: Scroll            |       |     4 |    14 ||    18
       Potion            |       |     1 |     5 ||     6
 Stab: Sleeping          |     2 |     6 |    11 ||    19
       Distracted        |       |       |     1 ||     1
  Eat: Chunk             |     2 |     3 |     8 ||    13
Armor: Skin              |     8 |     3 |     9 ||    20
Dodge: Dodged            |    52 |    62 |   118 ||   232

Table legend:
 A = Spawn XP
 B = Non-spawn XP
 C = Spawn XP percentage of total XP
 D = Spawn monster count
 E = Non-spawn monster count
 F = Spawn count percentage of total count
 G = Total turns spent on level
                    A         B        C        D         E        F      G
               +---------+---------+-------+---------+---------+-------+---------
         Total |       0 |    2119 |   0.0 |       0 |     116 |   0.0 |  5560
               +---------+---------+-------+---------+---------+-------+---------
           D:1 |       0 |      82 |   0.0 |       0 |      25 |   0.0 |  1495
           D:2 |       0 |     199 |   0.0 |       0 |      18 |   0.0 |   736
           D:3 |       0 |     371 |   0.0 |       0 |      16 |   0.0 |   845
           D:4 |       0 |     254 |   0.0 |       0 |      16 |   0.0 |   738
           D:5 |       0 |     469 |   0.0 |       0 |      20 |   0.0 |   973
           D:6 |       0 |     545 |   0.0 |       0 |      18 |   0.0 |   437
           D:8 |       0 |     199 |   0.0 |       0 |       3 |   0.0 |   147
               +---------+---------+-------+---------+---------+-------+---------
